AoeStats
← 漂亮国五星上将艾森豪威尔下士

African Clearing

510947659Analyzed
4v4 RM · 10h ago on Oct 3, 2026· 45m 6s· 8 players
Game mode
Random Map
Map size
Large (8 player)
Population
200
Speed
Normal
Resources
Standard
Victory
Conquest
Starting age
Dark Age
Ending age
Imperial Age
RankedLock teamsTeams togetherTeam positionsShared explorationLock speedFull tech treeHidden civsTurbo modeCheats
Victory
Defeat
🇨🇳 Vietnamese · China
1110
+10
🇨🇳 Persians · China
1084
+11
🇨🇳 Italians · China
952
+16
🇭🇰 Magyars · Hong Kong SAR China
863
+19
🇺🇸 Saxons · United States
1005
-16
🇯🇵 Italians · Japan
972
-15
🇦🇷 Goths · Argentina
945
-13
🇭🇰 Vietnamese · Hong Kong SAR China
907
-12
LazyDonkey
10:26 Loom
12:39 Feudal Age
12:53 Man-at-Arms
13:41 Arson
15:39 Fletching
29:10 Wheelbarrow
28:37 Horse Collar
32:28 Castle Age
30:23 Double-Bit Axe
31:39 Wheelbarrow
36:13 Stone Mining
43:47 Imperial Age
41:24 Scale Mail Armor
41:35 Forging
bacon
4:32 Loom
15:52 Feudal Age
22:00 Castle Age
21:48 Forging
21:38 Scale Mail Armor
22:46 Pikeman
25:32 Town Watch
26:23 Wheelbarrow
26:54 Double-Bit Axe
26:58 Horse Collar
33:20 Treadmill Crane
38:05 Imperial Age
36:31 Stone Mining
36:32 Gold Mining
37:42 Hand Cart
37:32 Town Patrol
38:32 Iron Casting
38:13 Chain Mail Armor
38:29 Murder Holes
38:44 Masonry
38:53 Fletching
39:03 Padded Archer Armor
41:38 Bodkin Arrow
41:43 Padded Archer Armor
42:14 Plate Mail Armor
41:07 Halberdier
45:13 Chemistry
nik
3:28 Loom
13:46 Feudal Age
17:53 Castle Age
16:02 Double-Bit Axe
15:57 Horse Collar
18:59 Bow Saw
18:49 Heavy Plow
21:23 Fletching
34:58 Bodkin Arrow
37:49 Padded Archer Armor
43:04 Imperial Age
43:12 Imperial Age
41:26 Leather Archer Armor
43:05 Wheelbarrow
44:04 Bracer
45:30 Chemistry
45:24 Thumb Ring
Ochen
14:50 Feudal Age
18:51 Castle Age
17:57 Double-Bit Axe
18:43 Horse Collar
23:46 Heavy Plow
29:50 Loom
32:03 Wheelbarrow
38:16 Imperial Age
36:07 Hand Cart
36:09 Gold Mining
36:43 Squires
36:59 Anarchy
37:18 Forging
37:08 Scale Mail Armor
37:00 Pikeman
38:26 Halberdier
38:30 Elite Huskarl
39:32 Conscription
39:12 Perfusion
40:04 Iron Casting
39:46 Chain Mail Armor
45:47 Blast Furnace
无语
7:54 Loom
13:56 Feudal Age
19:39 Castle Age
17:27 Double-Bit Axe
17:35 Horse Collar
18:11 Gold Mining
22:14 Bow Saw
24:46 Heavy Plow
25:52 Wheelbarrow
29:18 Hand Cart
30:27 Stone Mining
35:00 Imperial Age
32:17 Town Watch
34:23 Padded Archer Armor
34:14 Fletching
35:10 Town Patrol
35:28 Leather Archer Armor
35:14 Scale Mail Armor
35:24 Forging
35:14 Scale Mail Armor
36:04 Stone Shaft Mining
35:10 Capped Ram
36:20 Conscription
35:34 Elite Genoese Crossbowman
37:28 Pirotechnia
37:05 Treadmill Crane
38:26 Chemistry
37:46 Ballistics
37:58 Ring Archer Armor
37:23 Bodkin Arrow
38:26 Forging
38:31 Chain Mail Armor
39:13 Arson
39:28 Squires
42:09 Two-Man Saw
41:14 Bracer
41:49 Iron Casting
44:26 Plate Mail Armor
44:32 Iron Casting
gregyostnerij
6:29 Loom
13:19 Feudal Age
14:07 Double-Bit Axe
13:49 Man-at-Arms
16:43 Fletching
25:55 Castle Age
25:31 Wheelbarrow
26:50 Bow Saw
29:02 Horse Collar
30:51 Hand Cart
38:10 Stone Mining
38:10 Gold Mining
45:37 Stone Shaft Mining
47:42 Imperial Age
Otto der Große
5:02 Loom
14:50 Feudal Age
18:36 Castle Age
16:58 Double-Bit Axe
17:08 Horse Collar
18:28 Scale Barding Armor
19:20 Bow Saw
29:57 Forging
30:11 Chain Barding Armor
32:30 Husbandry
32:41 Bloodlines
32:43 Forging
35:03 Iron Casting
35:10 Stone Mining
35:10 Gold Mining
35:22 Heavy Plow
39:24 Imperial Age
37:34 Wheelbarrow
36:45 Town Watch
39:36 Cavalier
40:54 Plate Barding Armor
41:19 Blast Furnace
40:43 Conscription
40:54 Savar
漂亮国五星上将艾森豪威尔下士
14:50 Feudal Age
16:25 Double-Bit Axe
23:10 Gold Mining
26:40 Castle Age
27:05 Castle Age
25:38 Stone Mining
26:46 Scale Barding Armor
26:37 Horse Collar
28:02 Husbandry
28:13 Bloodlines
30:04 Loom
34:08 Elite Skirmisher
34:30 Light Cavalry
38:38 Fletching
38:48 Padded Archer Armor
39:48 Bow Saw
46:10 Imperial Age
Connection lost

Rejoining the realm…

Still unreachable

The connection could not be restored.

Session expired

The server has moved on; the page needs a fresh start.